AoeStats
← Julianspinto

Arabia

510033192Analyzed
1v1 RM · 3d ago on Sep 29, 2026· 41m 22s· 2 players
Game mode
Random Map
Map size
Tiny (2 player)
Population
200
Speed
Normal
Resources
Standard
Victory
Conquest
Starting age
Dark Age
Ending age
Imperial Age
RankedLock teamsTeams togetherTeam positionsShared explorationLock speedFull tech treeHidden civsTurbo modeCheats
Victory
Defeat
🇨🇴 Vietnamese · Colombia
607
+7
🇪🇸 Bulgarians · Spain
375
-7
Julianspinto
12:05 Feudal Age
19:05 Gold Mining
19:04 Double-Bit Axe
20:41 Wheelbarrow
21:02 Bloodlines
22:51 Scale Barding Armor
24:53 Castle Age
23:27 Stone Mining
25:08 Light Cavalry
25:50 Husbandry
26:29 Bow Saw
28:25 Gambesons
28:41 Squires
28:02 Pikeman
28:28 Horse Collar
33:15 Chain Barding Armor
32:58 Scale Mail Armor
33:09 Forging
37:12 Heavy Plow
39:28 Devotion
FearsomeBadge81
0:29 Loom
10:18 Feudal Age
11:04 Horse Collar
11:11 Double-Bit Axe
12:04 Wheelbarrow
11:14 Town Watch
11:36 Town Watch
19:30 Castle Age
18:44 Arson
19:24 Stone Mining
19:27 Gold Mining
20:18 Heavy Plow
20:29 Bow Saw
21:44 Hand Cart
22:48 Town Patrol
24:44 Thumb Ring
26:13 Murder Holes
25:46 Elite Skirmisher
28:13 Fletching
28:33 Forging
28:24 Scale Mail Armor
28:25 Padded Archer Armor
28:53 Scale Barding Armor
29:57 Ballistics
29:49 Masonry
30:07 Bodkin Arrow
31:47 Leather Archer Armor
31:38 Husbandry
31:50 Bloodlines
32:17 Chain Barding Armor
37:14 Imperial Age
37:12 Iron Casting
36:53 Chain Mail Armor
36:06 Pikeman
36:46 Squires
38:36 Bracer
39:06 Ring Archer Armor
39:17 Plate Barding Armor
Connection lost

Rejoining the realm…

Still unreachable

The connection could not be restored.

Session expired

The server has moved on; the page needs a fresh start.